 Dungeon Crawl Stone Soup version 0.30-a0-847-g17996783a1 (webtiles) character file.

Game seed: 6088261192094104140

1 Korbin06 the Vexing (level 1, 0/10 HPs)
             Began as a Vampire Enchanter on Mar 3, 2023.
             Slain by a kobold
             ... wielding a +0 dagger of venom
              (2 damage)
             ... on level 1 of the Dungeon.
             The game lasted 00:02:10 (48 turns).

Korbin06 the Vexing (Vampire Enchanter)               Turns: 48, Time: 00:02:10

Health: 0/10       AC:  2    Str:  7    XL:     1   Next: 16%
Magic:  3/3        EV: 12    Int: 17    God:
Gold:   0          SH:  0    Dex: 14    Spells: 4/4 levels left

rFire   . . .      SeeInvis +    a - +1 dagger
rCold   + + .      Faith    .    (no shield)
rNeg    + + +      Spirit   .    b - +0 robe
rPois   ∞          Reflect  .    (no helmet)
rElec   .          Rampage  .    (no cloak)
rCorr   .                        (no gloves)
Will    .....                    (no boots)
Stlth   +++++                    (no amulet)
HPRegen 0.00/turn                (no ring)
MPRegen 0.08/turn                (no ring)

@: bloodless, inhibited regen
A: bloodless, fangs 3, see invisible, vampiric 1
a: Revivify


You were on level 1 of the Dungeon.
You visited 1 branch of the dungeon, and saw 1 of its levels.

Inventory:

Hand Weapons
 a - a +1 dagger (weapon)
Armour
 b - a +0 robe (worn)
Potions
 c - 2 potions of invisibility


   Skills:
 + Level 1.1 Short Blades
 + Level 2.1 Dodging
 + Level 4.4 Stealth
 + Level 2.0 Spellcasting
 + Level 4.5 Hexes


You had 4 spell levels left.
You didn't know any spells.
Your spell library contained the following spells:

 Spells                   Type           Power      Damage    Failure   Level
 Confusing Touch          Hex            17%        N/A       9%          3
 Tukima's Dance           Hex            17%        N/A       9%          3
 Ensorcelled Hibernation  Hex/Ice        18%        N/A       12%         2
 Dazzling Flash           Conj/Hex       18%        N/A       22%         3


Dungeon Overview and Level Annotations

Branches:
Dungeon (1/15)

Altars:


Innate Abilities, Weirdness & Mutations

You do not regenerate when monsters are visible.
You are frail without blood (-20% HP).
You can heal yourself when you bite living creatures.
You are immune to poison.
You have razor-sharp teeth.
You have supernaturally acute eyesight. (SInv)
You are afflicted with vampirism.


Message History

A kobold comes into view. It is wielding a +0 dagger of venom.
An endoplasm comes into view.
You see here a scroll labelled JOHY NUBLI.
As you read the scroll labelled JOHY NUBLI, it crumbles to dust.
The air around you briefly surges with heat, but it dissipates.
It was a scroll of immolation.
The endoplasm quivers.
The kobold shouts!
You see here an inky potion.
You don't know any spells.
You don't know any spells.
You see here an inky potion.
You aren't carrying any scrolls.
Okay, then.
It was a potion of berserk rage.
You feel slightly irritated. The endoplasm misses you.
You hit the endoplasm. You bite the endoplasm.
You kill the endoplasm!
You closely miss the kobold. The kobold misses you.
You closely miss the kobold. Your bite misses the kobold.
The kobold closely misses you.
You barely miss the kobold.
The kobold hits you with a +0 dagger of venom.
You barely miss the kobold.
The kobold hits you with a +0 dagger of venom.
You hit the kobold.
The kobold is severely wounded.
The kobold hits you with a +0 dagger of venom.
* * * LOW HITPOINT WARNING * * *
You barely miss the kobold.
The kobold is severely wounded.
The kobold hits you with a +0 dagger of venom.
* * * LOW HITPOINT WARNING * * *
The kobold barely misses you.
You begin the revivification ritual.
You continue your ritual.
The kobold barely misses you.
You continue your ritual.
The kobold hits you with a +0 dagger of venom.
Continue your ritual?
You die...

###. ####################
.... #...................
.....#.............8...8.
.....#..#########........
#....#≈≈≈≈≈≈≈#K⌠......
#....#≈≈≈≈≈≈≈#....<...
#....#S≈≈≈≈≈≈#.⌠......
###..#########........
#..@K.........8...8.
#...................
####################


You could see an electric eel and a kobold.

Vanquished Creatures
  An endoplasm (D:1)
1 creature vanquished.

Notes
Turn   | Place    | Note
-------+----------+-------------------------------------------
     0 | D:1      | Korbin06 the Vampire Enchanter began the quest for the Orb.
     0 | D:1      | Reached XP level 1. HP: 13/13 MP: 3/3
     9 | D:1      | Noticed an electric eel
    48 | D:1      | Slain by a kobold

Illustrated notes

Levels and vault maps discovered:
D:1:      arrival_aquarium_a, layout_loops_cross, lemuel_flame_loot_1

Action                     || total
---------------------------++-------
  Melee: Dagger            ||     7
         Bite              ||     1
Ability: Exsanguinate      ||     1
         Revivify          ||     1
    Use: Scroll            ||     1
         Potion            ||     1
  Dodge: Dodged            ||     5

Table legend: (Time is in decaauts)
 A = Elapsed time spent in this place.
 B = Non-inter-level travel time spent in this place.
 C = Inter-level travel time spent in this place.
 D = Time resting spent in this place.
 E = Time spent auto-exploring this place.
 F = Levels seen in this place.
 G = Mean time per level.
                   A        B        C        D        E       F      G
               +--------+--------+--------+--------+--------+-----+--------+
         Total |     47 |     45 |      2 |      0 |      0 |   1 |   47.0 |
       Dungeon |     47 |     45 |      2 |      0 |      0 |   1 |   47.0 |
               +--------+--------+--------+--------+--------+-----+--------+

Top non-repeatable levels by time:
     D:1: 47 daAuts
